 Dungeon Crawl Stone Soup version 0.30.1-11-g7821555f0a (webtiles) character file.

Game seed: 4163004256310606799

4888 Scypho the Cleaver (level 10, 0/81 HPs)
             Began as a Minotaur Fighter on Dec 1, 2023.
             Was a Believer of Okawaru.
             Killed from afar by a steam dragon (1 damage)
             ... with a ball of steam
             ... on level 9 of the Dungeon.
             The game lasted 00:25:20 (8054 turns).

Scypho the Cleaver (Minotaur Fighter)               Turns: 8054, Time: 00:25:21

Health: 0/81       AC: 13    Str: 20    XL:     10   Next: 26%
Magic:  13/13      EV: 14    Int:  7    God:    Okawaru [**....]
Gold:   583        SH:  7    Dex: 16    Spells: 9/9 levels left

rFire   + . .        x - +4 hand axe
rCold   x . .        c - +0 buckler
rNeg    . . .        b - +0 scale mail
rPois   .            (helmet restricted)
rElec   .            (no cloak)
rCorr   .            v - +1 pair of gloves
SInv    +            u - +0 pair of boots
Will    .....        (no amulet)
Stlth   +++          z - ring "Raiph" {Fire Dex+3 SInv Stlth+}
HPRegen 0.33/turn    (no ring)
MPRegen 0.13/turn

%: clarity
@: heroic, marked, unable to read
A: horns 2, retaliatory headbutt, clarity, high MP 1, shaggy fur 1, inability to
read after injury 1
a: Renounce Religion, Heroism


You were on level 9 of the Dungeon.
You worshipped Okawaru.
Okawaru was pleased with you.
You visited 1 branch of the dungeon, and saw 10 of its levels.

You collected 583 gold pieces.

Inventory:

Hand Weapons
 x - a +4 hand axe (weapon)
 A - a +3 battleaxe
Missiles
 t - a throwing net (quivered)
Armour
 b - a +0 scale mail (worn)
 c - a +0 buckler (worn)
 u - a +0 pair of boots (worn)
 v - a +1 pair of gloves (worn)
Jewellery
 z - the ring "Raiph" (left hand) {Fire Dex+3 SInv Stlth+}
   (You found it on level 5 of the Dungeon)

   [ring of fire]

   It enhances your fire magic.
   Dex:       It affects your dexterity (+3).
   rF:        It protects you from fire.
   rC:        It makes you vulnerable to cold.
   SInv:      It lets you see invisible.
   Stlth:     It makes you more stealthy.
Wands
 d - a wand of digging (8)
 h - a wand of flame (16)
 y - a wand of paralysis (8)
Scrolls
 e - 3 scrolls of vulnerability {unknown}
 i - 6 scrolls of identify
 j - 2 scrolls of magic mapping {unknown}
 k - a scroll of brand weapon {unknown}
 l - a scroll of teleportation
 n - a scroll of enchant weapon {unknown}
 o - a scroll of enchant armour {unknown}
 p - a scroll of amnesia {unknown}
 q - a scroll of immolation {unknown}
 r - 3 scrolls of fear {unknown}
 s - a scroll of noise {unknown}
Potions
 a - a potion of lignification {unknown}
 f - 5 potions of flight
 g - 2 potions of resistance
 w - 3 potions of curing


   Skills:
 + Level 5.4(10.4) Fighting
 - Level 14.6(19.6) Axes
 + Level 5.3(10.3) Armour
 + Level 3.3(8.3) Dodging
 * Level 6.8(11.8) Shields
 * Level 4.5 Invocations


You had 9 spell levels left.
You didn't know any spells.
Your spell library contained the following spells:

 Spells                   Type           Power      Damage    Failure   Level
 Beastly Appendage        Tmut           0%         N/A       77%         1
 Magic Dart               Conj           0%         1d3       77%         1
 Blink                    Tloc           0%         N/A       88%         2
 Ensorcelled Hibernation  Hex/Ice        0%         N/A       88%         2
 Lesser Beckoning         Tloc           0%         N/A       88%         2
 Momentum Strike          Conj/Tloc      0%         3d8       88%         2
 Passwall                 Tmut/Erth      0%         N/A       88%         2
 Searing Ray              Conj           0%         2d4       88%         2
 Wereblood                Tmut           0%         N/A       88%         2
 Gell's Gravitas          Tloc           0%         N/A       98%         3
 Spider Form              Tmut/Pois      0%         N/A       98%         3
 Swiftness                Air            0%         N/A       98%         3
 Teleport Other           Tloc           0%         N/A       98%         3
 Vhi's Electric Charge    Tloc/Air       0%         N/A       98%         3
 Anguish                  Hex/Necr       0%         N/A       100%        4
 Fulminant Prism          Conj/Hex       0%         3d5       100%        4
 Passage of Golubria      Tloc           0%         N/A       100%        4
 Arcjolt                  Conj/Air       0%         1d10      100%        5
 Silence                  Hex/Air        0%         N/A       100%        5
 Lehudib's Crystal Spear  Conj/Erth      0%         10d2      100%        8
 Maxwell's Capacitive Co  Air            0%         ∞         100%        8


Dungeon Overview and Level Annotations

Branches:
Dungeon (10/15)            Temple (0/1) D:7             Orc (0/2) D:9
   Lair: D:8-11

Altars:
Dithmenos
Okawaru
Ru
Vehumet
Wu Jian
Yredelemnul
The Shining One

Shops:
D:9 [

Annotations:
D:2 1 runed translucent door, Crazy Yiuf
D:4 2 transporters, bnorton916's ghost, amateur DEFE
D:9 1 transporter


Innate Abilities, Weirdness & Mutations

You have a pair of horns on your head.
You reflexively headbutt those who attack you in melee.
You possess an exceptional clarity of mind.
You have an increased reservoir of magic. (+10% MP)
You are covered in fur. (AC +1)
You occasionally lose the ability to read scrolls when taking damage.


Message History

* * * LOW HITPOINT WARNING * * *
You completely miss the boulder beetle. The boulder beetle barely misses you.
You barely miss the boulder beetle.
You headbutt the boulder beetle, but do no damage.
You hit the boulder beetle.
The boulder beetle leaps!
The boulder beetle curls into a ball and begins rolling!
The steam dragon hisses angrily.
You cannot read scrolls in your current state!
The steam dragon breathes steam at you. The ball of steam misses you.
The boulder beetle sets off the alarm!
The alarm trap emits a blaring wail!
A sentinel's mark forms upon you.
The boulder beetle attacks as you move away!
The boulder beetle closely misses you. You furiously retaliate!
You headbutt the boulder beetle!
The boulder beetle stops rolling and uncurls.
The steam dragon closely misses you. x2
The boulder beetle attacks as you move away!
You block the boulder beetle's attack.
There is a stone staircase leading down here.
The boulder beetle attacks as you move away!
The boulder beetle bites you!
* * * LOW HITPOINT WARNING * * *
The boulder beetle attacks as you move away!
The boulder beetle bites you.
* * * LOW HITPOINT WARNING * * *
The boulder beetle attacks as you move away!
You block the boulder beetle's attack.
The steam dragon attacks as you move away!
You block the steam dragon's attack.
The steam dragon claws you but does no damage.
The boulder beetle attacks as you move away!
You block the boulder beetle's attack.
The steam dragon attacks as you move away!
The steam dragon bites you!
* * * LOW HITPOINT WARNING * * *
The steam dragon claws you but does no damage.
The steam dragon breathes steam at you. The ball of steam hits you. You resist.
You die...

##...##...##......#..
##...##...........#
#...>.#..........#
#.....#..........####
#.....#...##))...##..
#.....#...##.....##..
##.BD##...##...<.....
##..§####+##.........
#...@.#..............
#....<#...##.....##..
#.....#...#########..
#.....#..........##..
#.....#..........#...
##...##...##.....'.).
###..


You could see a boulder beetle and a steam dragon (catching breath).

Vanquished Creatures
  Maggie (D:6)
  A hornet (D:8)
  2 wyverns
  2 steam dragons
  Menkaure (D:6)
  2 water moccasins
  Edmund (D:5)
  An acid dragon (D:8)
  Duvessa (D:5)
  3 orc warriors
  3 ice beasts
  A black bear (D:6)
  2 ogres (D:7)
  3 centaurs
  2 kobold brigands
  A bullfrog (D:8)
  A gnoll sergeant (D:8)
  A scorpion (D:6)
  9 wights
  Dowan (D:5)
  5 howler monkeys
  4 hounds
  8 orc priests
  2 sleepcaps
  5 iguanas
  7 orc wizards
  12 gnolls
  5 adders
  2 shadow imps
  4 white imps
  An ufetubus (D:5)
  3 worms
  4 dart slugs
  42 orcs
  2 bats
  8 endoplasms
  3 giant cockroaches
  6 goblins
  5 hobgoblins
  3 jackals (D:3)
  16 kobolds
  2 quokkas
  7 ball pythons
  4 frilled lizards
  3 goblin skeletons (D:6)
  A goblin zombie (D:6)
  A hobgoblin zombie (D:6)
  A kobold skeleton (D:6)
  2 kobold zombies (D:6)
  2 orc zombies (D:6)
  5 rats
  A spectral orc (D:4)
215 creatures vanquished.

Vanquished Creatures (others)
  2 orc wizards
2 creatures vanquished.

Grand Total: 217 creatures vanquished

Notes
Turn   | Place    | Note
-------+----------+-------------------------------------------
     0 | D:1      | Scypho the Minotaur Fighter began the quest for the Orb.
     0 | D:1      | Reached XP level 1. HP: 19/19 MP: 0/0
   110 | D:1      | Found a faded altar of an unknown god.
   122 | D:1      | Reached skill level 3 in Axes
   163 | D:1      | Reached XP level 2. HP: 15/26 MP: 1/1
   420 | D:1      | Reached skill level 4 in Axes
   987 | D:2      | Reached XP level 3. HP: 25/31 MP: 2/2
  1109 | D:2      | Reached skill level 5 in Axes
  1224 | D:2      | Reached XP level 4. HP: 37/39 MP: 3/3
  1358 | D:2      | Found a runed translucent door.
  1359 | D:2      | Noticed Crazy Yiuf
  1619 | D:3      | Reached skill level 6 in Axes
  1850 | D:3      | Reached XP level 5. HP: 45/45 MP: 4/4
  1991 | D:3      | Found a shadowy altar of Dithmenos.
  2080 | D:3      | Reached skill level 7 in Axes
  2427 | D:4      | Noticed bnorton916's ghost (amateur DEFE)
  2431 | D:4      | Found a transporter.
  2474 | D:4      | Reached XP level 6. HP: 43/51 MP: 5/5
  2544 | D:4      | Reached skill level 8 in Axes
  2842 | D:4      | Found a radiant altar of Vehumet.
  2954 | D:4      | Found a transporter.
  2967 | D:4      | Found a basalt altar of Yredelemnul.
  3076 | D:5      | Entered Level 5 of the Dungeon
  3091 | D:5      | Found a sacrificial altar of Ru.
  3133 | D:5      | Noticed an orc warrior
  3151 | D:5      | Reached skill level 9 in Axes
  3160 | D:5      | Killed an orc warrior
  3161 | D:5      | Reached XP level 7. HP: 43/57 MP: 6/6
  3201 | D:5      | Noticed Edmund
  3221 | D:5      | Killed Edmund
  3222 | D:5      | Reached skill level 10 in Axes
  3476 | D:5      | Identified the ring "Raiph" {Fire Dex+3 SInv Stlth+}
  3483 | D:5      | Noticed a wyvern
  3498 | D:5      | Killed a wyvern
  3627 | D:5      | Noticed Dowan
  3634 | D:5      | Gained mutation: You occasionally lose the ability to read
                  | scrolls when taking damage. [potion of mutation]
  3634 | D:5      | Gained mutation: You have hidden genetic potential. [potion
                  | of mutation]
  3634 | D:5      | Gained mutation: You have an increased reservoir of magic.
                  | (+10% MP) [potion of mutation]
  3637 | D:5      | Reached skill level 11 in Axes
  3639 | D:5      | Noticed Duvessa
  3644 | D:5      | Killed Dowan
  3652 | D:5      | Killed Duvessa
  3653 | D:5      | Reached XP level 8. HP: 23/64 MP: 7/7
  4457 | D:6      | Reached skill level 12 in Axes
  4591 | D:6      | Gained mutation: You possess an exceptional clarity of
                  | mind. [hidden potential]
  4772 | D:6      | Found a glowing golden altar of the Shining One.
  4794 | D:6      | Noticed Menkaure
  4807 | D:6      | Killed Menkaure
  4808 | D:6      | Reached skill level 13 in Axes
  4842 | D:6      | Noticed Maggie
  5009 | D:6      | Killed Maggie
  5010 | D:6      | Reached skill level 14 in Axes
  5010 | D:6      | Reached XP level 9. HP: 27/70 MP: 8/8
  5341 | D:7      | Found an ornate altar of the Wu Jian Council.
  5418 | D:7      | Found an iron altar of Okawaru.
  5535 | D:7      | Became a worshipper of Warmaster Okawaru
  5576 | D:7      | Found a staircase to the Ecumenical Temple.
  5587 | D:7      | Gained mutation: You are covered in fur. (AC +1) [hidden
                  | potential]
  5587 | D:7      | Lost mutation: You have hidden genetic potential. [hidden
                  | potential expressed]
  5604 | D:7      | Reached skill level 1 in Invocations
  5667 | D:7      | Identified the +0 sling of Embarrassment {antimagic, rPois
                  | Int+3}
  5690 | D:7      | Reached skill level 1 in Dodging
  5982 | D:7      | Reached * piety under Okawaru
  6225 | D:8      | Reached skill level 5 in Shields
  6741 | D:8      | Reached ** piety under Okawaru
  6742 | D:8      | Reached XP level 10. HP: 80/80 MP: 13/13
  6773 | D:8      | Reached skill level 5 in Fighting
  6773 | D:8      | Reached skill level 5 in Armour
  7177 | D:9      | Found a transporter.
  7179 | D:9      | Found a staircase to the Orcish Mines.
  7213 | D:9      | Found Zapnyhua's Antique Armour Boutique.
  7575 | D:9      | Noticed a boulder beetle
  7787 | D:10     | Entered Level 10 of the Dungeon
  8053 | D:9      | HP: 1/81 [steam dragon (8)]
  8054 | D:9      | Killed from afar by a steam dragon

Illustrated notes

Levels and vault maps discovered:
D:1:      lemuel_arrival_room, layout_basic, shapermc_ecumenical_altar_ellora,
          minmay_tripent
D:2:      layout_rooms, uniq_crazy_yiuf_cottage
D:3:      layout_basic, nicolae_dithmenos_shadow_blocks
D:4:      layout_rooms, yredelemnul_forgotten_temple_becter, old_standard_altar,
          gammafunk_ghost_arena, grunt_decor_mini_mirrors
D:5:      layout_basic, kennysheep_mini_moat, uniq_duvessa, uniq_edmund
D:6:      cheibrodos_helix_gallery, layout_cave_pools,
          nicolae_tso_besieged_by_evil, minivault_1, corexii_hall_statues_l,
          water_maze_lemuel, uniq_maggie, uniq_menkaure
D:7:      layout_gridville, mainiacjoe_overflow_cross_hatched, okawaru_trees_1,
          minmay_temple_entry_overgrown
D:8:      layout_loops_ring
D:9:      layout_gridville, orc_0_dummy, serial_shops, shop, nicolae_diode_basic
D:10:     layout_irregular_city

Skill      XL: |  1  2  3  4  5  6  7  8  9 10 |
---------------+-------------------------------+-----
Axes           | 3 4 5 6 7 9 11 14 | 14.6
Shields        | 6 |  6.8
Invocations    | 3 4 |  4.5
Dodging        | 2 3 |  3.3
Fighting       | 4 5 |  5.4
Armour         | 4 5 |  5.3

Action                     |  1- 3 |  4- 6 |  7- 9 | 10-12 || total
---------------------------+-------+-------+-------+-------++-------
  Melee: War axe           |    63 |   129 |   314 |       ||   506
         Headbutt          |     8 |    23 |    52 |    19 ||   102
         Hand axe          |       |       |    10 |    95 ||   105
 Invoke: Heroism           |       |       |     1 |     1 ||     2
    Use: Potion            |       |     4 |    10 |     2 ||    16
         Scroll            |       |       |     3 |     2 ||     5
 Armour: Scale mail        |    20 |    57 |    89 |    12 ||   178
  Dodge: Dodged            |    33 |    44 |    77 |    46 ||   200
  Block: Buckler           |    12 |    18 |    63 |    24 ||   117
